 Dungeon Crawl Stone Soup version 0.30.0 (webtiles) character file.

Game seed: 3686013686046740554

13896 Minorbread the Thaumaturge (level 11, -1/67 HPs)
             Began as a Pale Draconian Fire Elementalist on May 30, 2023.
             Was an Elder of Vehumet.
             Slain by a chaos spawn (9 damage)
             ... on level 2 of the Abyss.
             The game lasted 00:33:12 (14770 turns).

Minorbread the Thaumaturge (DrFE)                  Turns: 14770, Time: 00:33:12

Health: -1/67      AC: 17    Str:  7    XL:     11   Next: 81%
Magic:  17/17      EV: 11    Int: 21    God:    Vehumet [****..]
Gold:   803        SH:  9    Dex:  8    Spells: 21/30 levels left

rFire   x x x        b - +1 whip (flame)
rCold   x x x        F - +4 buckler of Lannont {rPois}
rNeg    . . .        (body armour unavailable)
rPois   +            (helmet restricted)
rElec   .            z - +1 cloak
rCorr   .            H - +0 pair of gloves
SInv    .            m - +2 pair of boots
Will    .....        (no amulet)
Stlth   +            t - +6 ring of intelligence
HPRegen 0.00/turn    u - +4 ring of protection
MPRegen 0.15/turn

%: random rage (9%)
@: inhibited regen, hasted and slowed, unable to read, unable to drink
A: breathe steam, AC +7, unfitting armour, cold-blooded, steam resistance,
[berserk 2], [clumsy 2], [deterioration 2], [dopey 2], [frail 3], [low MP 3],
[screaming 2], [inhibited regeneration], ([teleportitis 2]), [weak 2], [no
potion heal 2], [cold vulnerability 3], [heat vulnerability 3], [subdued magic
3], [inability to drink after injury 2], [inability to read after injury 2]
a: Breathe Steam, Renounce Religion


You were on level 2 of the Abyss.
You worshipped Vehumet.
Vehumet was greatly pleased with you.
You visited 3 branches of the dungeon, and saw 14 of its levels.
You visited the Abyss 1 time.
You also visited: Gauntlet.

You collected 803 gold pieces.

Inventory:

Hand Weapons
 b - a +1 whip of flaming (weapon)
Armour
 m - a +2 pair of boots (worn)
 z - a +1 cloak (worn)
 F - the +4 buckler of Lannont (worn) {rPois}
   (You found it on level 9 of the Dungeon)

   rPois:     It protects you from poison.
 H - a +0 pair of gloves (worn)
Jewellery
 r - a ring of fire
 t - a +6 ring of intelligence (left hand)
 u - a +4 ring of protection (right hand)
 w - the ring "Keut" {rC+ Str+4 Dex-4}
   (You found it on level 10 of the Dungeon)

   [ring of protection from cold]

   Str:       It affects your strength (+4).
   Dex:       It affects your dexterity (-4).
   rC:        It protects you from cold.
Wands
 l - a wand of iceblast (15)
 s - a wand of paralysis (3)
 A - a wand of flame (63)
 E - a wand of light (3)
 K - a wand of polymorph (6)
Scrolls
 c - 3 scrolls of amnesia
 d - a scroll of torment
 o - 6 scrolls of teleportation
 v - a scroll of magic mapping
 x - 4 scrolls of blinking
 y - a scroll of enchant weapon
 B - 6 scrolls of poison
 D - a scroll of acquirement
 M - a scroll of fear
 N - a scroll of brand weapon
 O - a scroll of enchant armour
Potions
 e - 7 potions of lignification
 f - 3 potions of attraction
 g - a potion of haste
 h - a potion of invisibility {unknown}
 i - 3 potions of curing
 j - 8 potions of heal wounds
 k - 4 potions of flight {unknown}
 n - 4 potions of degeneration {unknown}
 p - 4 potions of mutation
 q - a potion of might {unknown}
 C - a potion of berserk rage {unknown}
 I - a potion of brilliance {unknown}
 J - a potion of resistance {unknown}


   Skills:
 + Level 9.3 Fighting
 - Level 1.7 Dodging
 - Level 1.7 Stealth
 + Level 5.9 Shields
 - Level 10.0 Spellcasting
 - Level 8.0 Conjurations
 - Level 10.0 Fire Magic
 - Level 4.0 Poison Magic


You had 21 spell levels left.
You knew the following spells:

 Your Spells              Type           Power      Damage    Failure   Level
a - Ignite Poison         Fire/Tmut/Pois 15%        N/A       1%          3
b - Scorch                Fire           54%        2d7       1%          2
c - Flame Wave            Conj/Fire      25%        2d8       1%          4

Your spell library contained the following spells:

 Spells                   Type           Power      Damage    Failure   Level
 Iskenderun's Mystic Bla  Conj/Tloc      14%        2d5       3%          4
 Foxfire                  Conj/Fire      100%       2x1d9     1%          1
 Inner Flame              Hex/Fire       16%        N/A       1%          3
 Volatile Blastmotes      Fire/Tloc      32%        2d12      1%          3
 Beastly Appendage        Tmut           10%        N/A       4%          1
 Necrotise                Necr           20%        1d5       4%          1
 Slow                     Hex            20%        N/A       4%          1
 Spider Form              Tmut/Pois      9%         N/A       7%          3
 Wereblood                Tmut           5%         N/A       8%          2
 Confusing Touch          Hex            5%         N/A       17%         3
 Portal Projectile        Hex/Tloc       10%        N/A       17%         3
 Tukima's Dance           Hex            5%         N/A       17%         3
 Vampiric Draining        Necr           5%         2d6       17%         3
 Agony                    Necr           5%         N/A       90%         5
 Blade Hands              Tmut           2%         N/A       90%         5
 Summon Cactus Giant      Summ           2%         N/A       100%        6


Dungeon Overview and Level Annotations

Branches:
Dungeon (11/15)            Temple (1/1) D:6            Lair (2/5) D:11
    Orc (0/2) D:9         Gauntlet (visited)
  Swamp: Lair:2-3    Shoals: Lair:2-3     Snake: Lair:2-3    Spider: Lair:2-3

Altars:
Ashenzari
Dithmenos
Fedhas
Gozag
Makhleb
Nemelex Xobeh
Ru
Sif Muna
Trog
Uskayaw
Vehumet
Wu Jian

Annotations:
D:4 1 runed translucent door, Crazy Yiuf
D:8 Gastronok
D:9 exclusions: ice statue and orange crystal statue, Erolcha


Innate Abilities, Weirdness & Mutations

You can breathe blasts of scalding, opaque steam.
Your pale cyan-grey scales are hard. (AC +7)
You cannot fit into any form of body armour.
You are cold-blooded and may be slowed by cold attacks.
You are immune to the effects of steam.
[You have an uncontrollable temper.]
[You are very clumsy. (Dex -4)]
[Your body often deteriorates upon taking damage.]
[You are very dopey. (Int -4)]
[You are extremely frail. (-30% HP)]
[Your magical capacity is extremely low. (-30% MP)]
[You frequently scream uncontrollably at your foes.]
[You do not regenerate when monsters are visible.]
[((You are often teleported next to monsters.))]
[You are very weak. (Str -4)]
[Potions cannot restore your health.]
[You are extremely vulnerable to cold. (rC---)]
[You are extremely vulnerable to heat. (rF---)]
[Your spells are much easier to cast, but much less powerful.]
[You sometimes lose the ability to drink potions when taking damage.]
[You sometimes lose the ability to read scrolls when taking damage.]


Message History

The wretched star pulses with an eldritch light!
You feel weirdly uncertain.
You feel even more weirdly uncertain.
You enter the shallow water.
Moving in this stuff is going to be slow.
The wretched star pulses with an eldritch light!
You feel the urge to shout.
You feel a strong urge to scream.
Your system partially rejects the healing effects of potions.
Your system completely rejects the healing effects of potions.
Something hits you but does no damage.
A white imp comes into view.
The white imp shouts!
The wretched star pulses with an eldritch light!
An ufetubus comes into view.
You scream at the ufetubus!
The ufetubus shouts!
You hear a shout!
You block something's attack.
The white imp laughs crazily.
You hit the ufetubus. You burn the ufetubus.
The ufetubus is moderately wounded.
Something completely misses you. You block the ufetubus's attack.
The ufetubus barely misses you. Something hits you.
* * * LOW HITPOINT WARNING * * *
Something drains your vigour!
You feel yourself slow down.
The chaos spawn attacks as you move away!
The chaos spawn closely misses you.
The ufetubus hits you but does no damage.
You block the ufetubus's attack.
A tentacled starspawn comes into view.
The ufetubus hits you but does no damage. x3
The ufetubus barely misses you. Something hits you but does no damage.
Something hits you.
You feel threatened and lose the ability to read scrolls!
* * * LOW HITPOINT WARNING * * *
Something drains your vigour!
You feel as though you will be slow longer.
The wretched star pulses with an eldritch light!
The chaos spawn gores you!
You feel threatened and lose the ability to drink potions!
You die...

#.#..##.#≈≈~~~....#..
#.....~~~~x≈~.......
..#..~~~≈~~~#..##.#
###...~~~~~~~..##
.....#~*~~~~~..#... ##
###~~5~~~~#.#. # .
##..♣~~~{5x.#...#...#.#
.~~~~≈~~4###.....##....
~~~~~~≈@..#..#..#.#. .
~≈≈~~....#.......## ..
~≈~≈...#...#..#.#.#
~~X.#.##.#....#.### ..#
#. ##....#. . #. ###...
# # ... ..


You could see a tentacled starspawn, a wretched star, a chaos spawn, 2 small
abominations, a white imp and an ufetubus.

Vanquished Creatures
  A vampire mage (D:10)
  Pikel (D:8)
  A black mamba (Lair:1)
  Joseph (D:8)
  2 cane toads (Lair:1)
  An unseen horror (D:11)
  2 trolls
  Grinder (D:5)
  Prince Ribbit (Lair:1)
  2 blink frogs (Lair:1)
  2 shadows
  2 wyverns
  2 wraiths (D:10)
  31 yaks
  A steam dragon (D:9)
  4 vampire mosquitoes (D:11)
  A water moccasin (Lair:1)
  Duvessa (D:4)
  An ice beast (D:7)
  2 orc warriors
  2 sky beasts
  3 centaurs
  2 lemures (D:8)
  Blork the orc (D:5)
  2 kobold brigands
  6 bullfrogs
  4 scorpions
  3 wights (D:6)
  Dowan (D:4)
  13 killer bees
  An electric eel (D:11)
  2 howler monkeys
  A jelly (D:6)
  4 hounds
  8 orc priests
  A sleepcap (D:4)
  4 iguanas
  Natasha (twice) (D:4)
  15 orc wizards
  6 adders
  A shadow imp (D:7)
  An ufetubus (D:6)
  2 worms (D:4)
  4 dart slugs
  39 orcs
  7 bats
  5 endoplasms
  4 giant cockroaches
  8 goblins
  3 hobgoblins
  2 jackals (D:1)
  11 kobolds
  3 quokkas
  7 ball pythons
  2 frilled lizards
  6 rats
246 creatures vanquished.

Vanquished Creatures (collateral kills)
  A two-headed ogre (D:10)
1 creature vanquished.

Vanquished Creatures (others)
  19 foxfires
  10 fungi
  11 plants
40 creatures vanquished.

Grand Total: 287 creatures vanquished

Notes
Turn   | Place    | Note
-------+----------+-------------------------------------------
     0 | D:1      | Minorbread the Draconian Fire Elementalist began the quest
                  | for the Orb.
     0 | D:1      | Reached XP level 1. HP: 14/14 MP: 3/3
    67 | D:1      | Found a faded altar of an unknown god.
    97 | D:1      | Reached XP level 2. HP: 20/20 MP: 0/5
   541 | D:1      | Learned a level 2 spell: Scorch
   733 | D:2      | Reached XP level 3. HP: 26/26 MP: 4/7
  1935 | D:3      | Reached XP level 4. HP: 33/33 MP: 0/10
  2676 | D:4      | Noticed a scorpion
  2740 | D:4      | Killed a scorpion
  2741 | D:4      | Reached skill level 5 in Spellcasting
  2741 | D:4      | Reached XP level 5. HP: 26/38 MP: 0/12
  2812 | D:3      | Learned a level 4 spell: Flame Wave
  2933 | D:4      | You fall into a shaft and drop 3 floors!
  3084 | D:7      | Noticed a sky beast
  3237 | D:6      | Found a staircase to the Ecumenical Temple.
  3246 | Temple   | Entered the Ecumenical Temple
  3261 | Temple   | Became a worshipper of Vehumet
  3291 | D:6      | Found a broken altar of Ashenzari.
  3496 | D:5      | Entered Level 5 of the Dungeon
  3520 | D:5      | Reached XP level 6. HP: 29/45 MP: 2/13
  3848 | D:5      | Found a bloodstained altar of Trog.
  3875 | D:5      | Reached skill level 5 in Fire Magic
  3971 | D:5      | Noticed Grinder
  4121 | D:5      | Noticed Blork the orc
  4138 | D:5      | Killed Blork the orc
  4139 | D:5      | Your scales start taking on a pale cyan-grey colour.
  4139 | D:5      | Reached XP level 7. HP: 27/50 MP: 0/14
  4139 | D:5      | Gained mutation: You are immune to the effects of steam.
                  | [Pale Draconian growth]
  4327 | D:5      | Killed Grinder
  4600 | D:5      | Reached skill level 5 in Conjurations
  4798 | D:4      | Noticed Dowan
  4808 | D:4      | Killed Dowan
  4808 | D:4      | Reached * piety under Vehumet
  4808 | D:4      | Offered knowledge of Kiss of Death by Vehumet.
  4872 | D:4      | Reached XP level 8. HP: 57/57 MP: 10/15
  4960 | D:4      | Reached skill level 1 in Fighting
  5076 | D:4      | Noticed Duvessa
  5087 | D:4      | Killed Duvessa
  5217 | D:4      | Noticed Natasha
  5221 | D:4      | Killed Natasha
  5390 | D:4      | Found a runed translucent door.
  5391 | D:4      | Noticed Crazy Yiuf
  5491 | D:4      | Noticed Natasha
  5494 | D:4      | Killed Natasha
  6290 | D:6      | Found a shadowy altar of Dithmenos.
  6433 | D:6      | Found a hide-covered altar of Uskayaw.
  7197 | D:7      | Found an ornate altar of the Wu Jian Council.
  7344 | D:7      | Offered knowledge of Shock by Vehumet.
  7565 | D:7      | Reached ** piety under Vehumet
  7566 | D:7      | Reached skill level 5 in Fighting
  7660 | D:7      | Reached XP level 9. HP: 74/74 MP: 13/16
  7894 | D:7      | Found a sacrificial altar of Ru.
  8077 | D:8      | Noticed Joseph
  8189 | D:8      | Noticed Gastronok
  8333 | D:8      | Noticed Pikel
  8419 | D:8      | Killed Pikel
  8651 | D:8      | Identified the +6 sling of the Egg {speed, Fly}
  8766 | D:8      | Killed Joseph
  8766 | D:8      | Offered knowledge of Ignite Poison by Vehumet.
  8771 | D:8      | Learned a level 3 spell: Ignite Poison
  9593 | D:9      | Identified the +4 buckler of Lannont {rPois}
  9641 | D:9      | Reached skill level 1 in Shields
  9645 | D:9      | Reached XP level 10. HP: 78/81 MP: 10/22
  9884 | D:9      | Noticed Erolcha
  9910 | D:9      | Noticed an ice statue
 10215 | D:9      | Reached *** piety under Vehumet
 10317 | D:9      | Found a staircase to the Orcish Mines.
 10664 | D:9      | Noticed an orange crystal statue
 10865 | D:10     | Entered Level 10 of the Dungeon
 11212 | D:10     | Reached skill level 5 in Shields
 11260 | D:10     | Found a burning altar of Makhleb.
 11309 | D:10     | Found a sparkling altar of Nemelex Xobeh.
 11419 | D:10     | Noticed a two-headed ogre
 11441 | D:10     | Killed a two-headed ogre
 11532 | D:10     | Reached skill level 10 in Spellcasting
 11532 | D:10     | Offered knowledge of Frozen Ramparts by Vehumet.
 11534 | D:10     | Reached skill level 1 in Poison Magic
 11674 | D:10     | Identified the ring "Keut" {rC+ Str+4 Dex-4}
 11751 | D:10     | Noticed a vampire mage
 11764 | D:10     | Killed a vampire mage
 11765 | D:10     | Reached XP level 11. HP: 90/90 MP: 10/25
 12194 | D:11     | Identified a scroll of acquirement
 12201 | D:11     | Found a gate leading to a gauntlet.
 12205 | Gauntlet | Entered a Gauntlet
 12205 | Gauntlet | Noticed a glowing orange brain
 12205 | Gauntlet | Found a transporter.
 12206 | Gauntlet | Noticed a red ugly thing
 12217 | Gauntlet | Noticed a glowing orange brain
 12239 | Gauntlet | Found a transporter.
 12253 | Gauntlet | Found the ring of the Hare {EV+10}
 12256 | Gauntlet | Found a transporter.
 12257 | Gauntlet | Found a transporter.
 12260 | Gauntlet | Noticed a death scarab
 12262 | Gauntlet | Noticed a death scarab
 12267 | Gauntlet | Found a transporter.
 12285 | Gauntlet | Noticed a glowing orange brain
 12288 | Gauntlet | Found a transporter.
 12294 | Gauntlet | Noticed a red ugly thing
 12295 | Gauntlet | Found a transporter.
 12296 | Gauntlet | Noticed a purple ugly thing
 12296 | Gauntlet | Noticed a glowing orange brain
 12299 | Gauntlet | Found a transporter.
 12324 | Gauntlet | Found a transporter.
 12335 | Gauntlet | Noticed a thrashing horror
 12344 | Gauntlet | Found a transporter.
 12348 | Gauntlet | Found a transporter.
 12348 | Gauntlet | Noticed a wretched star
 12360 | Gauntlet | Found a transporter.
 12571 | D:11     | Found a staircase to the Lair.
 12802 | D:11     | Reached **** piety under Vehumet
 13026 | Lair:1   | Entered Level 1 of the Lair of Beasts
 13035 | Lair:1   | Offered knowledge of Iskenderun's Mystic Blast by Vehumet.
 13346 | Lair:1   | Found a shimmering blue altar of Sif Muna.
 14055 | Lair:1   | Noticed Prince Ribbit
 14060 | Lair:1   | Killed Prince Ribbit
 14062 | Lair:1   | Reached skill level 10 in Fire Magic
 14609 | Abyss:2  | Cast into level 2 of the Abyss (merfolk)
 14648 | Abyss:2  | Noticed a wretched star
 14666 | Abyss:2  | Noticed a wretched star
 14689 | Abyss:2  | Noticed a large abomination
 14713 | Abyss:2  | Noticed a sun demon
 14758 | Abyss:2  | Noticed a lich
 14769 | Abyss:2  | Noticed a tentacled starspawn
 14770 | Abyss:2  | Slain by a chaos spawn

Illustrated notes

Levels and vault maps discovered:
D:1:      wander_arrival_lonely_grave, layout_loops_ring,
          shapermc_ecumenical_altar_starsandcircs, st_stairs_2,
          grunt_decor_fettered
D:2:      layout_basic
D:3:      layout_basic, chequers_serial_rivers_large_a
D:4:      layout_basic, uniq_crazy_yiuf_cottage, uniq_natasha, uniq_duvessa
D:5:      layout_loops_ring, mainiacjoe_overflow_alcove_4,
          dreamdust_princess_bridge, uniq_grinder, uniq_blork_the_orc
D:6:      layout_loops_corners, ashenzari_altar_1, amcnicky_altar_gilded,
          mainiacjoe_overflow_surrounded_room, minmay_temple_entry_waves
D:7:      layout_loops_ring, nicolae_wu_jian_wuxing_cycle,
          nicolae_ru_the_path_less_chosen, enter_bailey_2
D:8:      layout_basic, uniq_joseph, uniq_pikel, uniq_gastronok
D:9:      minmay_separated_statues, layout_basic, serial_co_window_serial,
          co_window_corner_a, co_window_of_opportunity_a, co_window_paths_a,
          co_window_paths_b, co_window_paths_a, co_window_corner_cb,
          co_window_of_opportunity_c, co_window_unsneaky_path_c,
          co_window_broadway_a, co_window_of_opportunity_c, co_window_sun,
          co_window_paths_e, st_stairs_8, uniq_erolcha
D:10:     layout_gridville, kennysheep_mini, nemelex_xobeh_ov_fountains_minmay,
          nrook_uturn, minmay_librarian
D:11:     layout_basic, lair_entry_dummy, gauntlet_entry_generic,
          chequers_serial_rivers_micro_d
Temple:   jpeg_temple_clearing
Lair:1:   layout_layer_cave, basic_altar, serial_bayou_shore_b,
          serial_bayou_shore_b, uniq_prince_ribbit2
Lair:2:   layout_layer_cave, elwin_shoals_entry_rooms
Abyss:2:  base: Lair:1, minivault_13

Skill      XL: |  1  2  3  4  5  6  7  8  9 10 11 |
---------------+----------------------------------+-----
Spellcasting   | 3 4 5 8 10 | 10.0
Fire Magic     | 4 6 8 10 | 10.0
Conjurations   | 2 5 6 8 |  8.0
Fighting       | 5 6 9 |  9.3
Shields        | 2 5 |  5.9
Poison Magic   | 2 4 |  4.0
Dodging        | |  1.7
Stealth        | |  1.7

Action                     |  1- 3 |  4- 6 |  7- 9 | 10-12 || total
---------------------------+-------+-------+-------+-------++-------
  Melee: Unarmed           |     9 |       |       |       ||     9
         Tailslap          |     9 |     7 |     5 |     2 ||    23
         Punch             |     2 |       |     1 |       ||     3
         Whip              |    95 |    39 |    30 |     9 ||   173
   Cast: Foxfire           |    11 |       |       |       ||    11
         Scorch            |    12 |    50 |   131 |    95 ||   288
         Flame Wave        |       |       |    10 |    31 ||    41
Ability: Breathe Steam     |       |       |     5 |     1 ||     6
  Evoke: Wand              |       |       |       |     2 ||     2
    Use: Scroll            |       |     1 |    10 |     8 ||    19
         Potion            |       |       |       |     3 ||     3
   Stab: Sleeping          |     2 |       |       |       ||     2
 Armour: Skin              |    34 |    33 |    35 |    58 ||   160
  Dodge: Dodged            |    72 |    48 |    55 |    51 ||   226
  Block: Buckler           |       |       |       |    58 ||    58
